 Dungeon Crawl Stone Soup version 0.31.0-11-ge490571c62 (webtiles) character file.

Game seed: 6880069060919950753

34 qw the Shooter (level 3, 0/20 HPs)
             Began as a Deep Elf Hunter on Feb 4, 2024.
             Slain by a goblin
             ... wielding a +0 dagger
             ... led by Robin
              (3 damage)
             ... on level 2 of the Dungeon.
             The game lasted 00:00:04 (770 turns).

qw the Shooter (Deep Elf Hunter)                     Turns: 770, Time: 00:00:04

Health: 0/20       AC:  3    Str: 10    XL:     3   Next: 14%
Magic:  5/5        EV: 12    Int: 13    God:
Gold:   59         SH:  0    Dex: 18    Spells: 2/2 levels left

rFire   + . .        a - +0 shortbow
rCold   . . .        (shield currently unavailable)
rNeg    . . .        c - +0 leather armour
rPois   .            (no helmet)
rElec   .            (no cloak)
rCorr   .            (no gloves)
SInv    .            (no boots)
Will    .....        (no amulet)
Stlth   ++           k - ring of protection from fire
HPRegen 0.23/turn    (no ring)
MPRegen 0.09/turn

%: no passive effects
@: no status effects
A: no striking features
a: no special abilities


You were on level 2 of the Dungeon.
You visited 1 branch of the dungeon, and saw 2 of its levels.

You collected 59 gold pieces.


   Skills:
 - Level 1.5 Fighting
 + Level 6.7 Ranged Weapons
 - Level 2.4 Dodging
 - Level 1.2 Stealth


You had 2 spell levels left.
You didn't know any spells.
Your spell library was empty.

Inventory:

Hand Weapons
 a - a +0 shortbow (weapon)
Armour
 c - a +0 leather armour (worn)
Jewellery
 k - a ring of protection from fire (left hand)
Potions
 e - a potion of haste {unknown}

Dungeon Overview and Level Annotations

Branches:
Dungeon (2/15)

Altars:

Annotations:
D:2 Robin


Message History

760 ||| FLEEEEING.
761 ||| FLEEEEING.
762 ||| FLEEEEING.
You shoot an arrow. The arrow closely misses the hobgoblin.
The arrow hits the hobgoblin but does no damage.
You shoot an arrow. The arrow closely misses the hobgoblin.
The arrow barely misses the hobgoblin.
The arrow hits the goblin!
You kill the goblin!
The hobgoblin no longer looks unusually strong.
The hobgoblin hits you.
You shoot an arrow. The arrow barely misses the hobgoblin.
The arrow hits the hobgoblin.
The hobgoblin is moderately wounded.
The goblin no longer looks unusually strong.
The hobgoblin hits you.
You shoot an arrow.
The arrow hits the hobgoblin but does no damage.
The goblin hits you but does no damage. The hobgoblin barely misses you.
The hobgoblin hits you.
You shoot an arrow. The arrow hits the hobgoblin!
You kill the hobgoblin!
The hobgoblin no longer looks unusually strong.
The goblin closely misses you. The hobgoblin misses you.
Robin throws the goblin at you!
You shoot an arrow. The arrow barely misses the goblin.
The goblin no longer looks unusually strong.
The hobgoblin no longer looks unusually strong.
The goblin hits you with a +0 dagger.
The goblin hits you with a +2 dagger of speed.
The hobgoblin hits you but does no damage.
The goblin hits you with a +2 dagger of speed.
You shoot an arrow. The arrow hits the goblin.
The goblin is severely wounded.
The goblin no longer looks unusually strong.
The goblin completely misses you. The hobgoblin hits you.
The goblin misses you.
The goblin closely misses you. x2; The goblin barely misses you.
You shoot an arrow. The arrow closely misses the goblin.
The hobgoblin closely misses you. The goblin hits you with a +0 club.
The goblin barely misses you. The goblin hits you with a +0 dagger.
You die...

##........# #....#
...........# #...<#
>..........# #....#
#......)..# ####....#
#........# ####..<..[.#
#........### #..........#
#..........####.#..##..(.#
#.........ggg...#.###....#
#####.g)g.gg@####.# #....#
#.....##.##g####.# ######
..gg..g###..#......##.#
.)..gg# ##..####...#.###
g...g# ##.# #.......#
..... #.# ##.###..# ....
#.## ##.# ..# ...
#..###..# # ... ##..##.##


You could see Robin, 2 hobgoblins and 5 goblins.

Vanquished Creatures
  3 giant cockroaches (D:1)
  6 goblins
  4 hobgoblins
  2 kobolds (D:1)
  6 ball pythons (D:1)
  3 bats (D:1)
  3 frilled lizards
  6 rats (D:1)
33 creatures vanquished.

Notes
Turn   | Place    | Note
-------+----------+-------------------------------------------
     0 | D:1      | qw the Deep Elf Hunter began the quest for the Orb.
     0 | D:1      | Reached XP level 1. HP: 12/12 MP: 3/3
     0 | D:1      | 0 ||| qw: Version: 0.3-a-160-g6735b56
     0 | D:1      | 0 ||| qw: Game counter: 4765
     0 | D:1      | 0 ||| qw: Melee chars always use a shield: true
     0 | D:1      | 0 ||| qw: God list: Okawaru
     0 | D:1      | 0 ||| qw: Allow faded altars: false
     0 | D:1      | 0 ||| qw: Do Orc after clearing Dungeon:15 true
     0 | D:1      | 0 ||| qw: Do second Lair branch before Depths: true
     0 | D:1      | 0 ||| qw: Lair rune preference: random
     0 | D:1      | 0 ||| qw: Goals: Normal
     0 | D:1      | 0 ||| PLANNING D:1-11
    90 | D:1      | Reached skill level 6 in Ranged Weapons
    90 | D:1      | Reached XP level 2. HP: 16/16 MP: 4/4
   651 | D:1      | 651 ||| UPGRADING to ring of protection from fire.
   652 | D:1      | 652 ||| READING scroll labelled WUITEL YVVEOT.
   653 | D:1      | 653 ||| READING scroll labelled QIONOMACHU.
   653 | D:1      | 653 ||| IDENTIFYING golden potion
   654 | D:1      | 654 ||| READING scroll labelled QIFO SACKIUMPA.
   655 | D:1      | 655 ||| READING scroll labelled LUJUDE RODUC.
   656 | D:1      | 656 ||| DRINKING 2 grey potions.
   657 | D:1      | 657 ||| DROPPING scroll of butterflies.
   658 | D:1      | 658 ||| DROPPING potion of brilliance.
   660 | D:1      | 660 ||| Stepping ~*~*~tactically~*~*~ (cloud).
   660 | D:1      | HP: 1/16 [poisoned by you (poison gas)]
   661 | D:1      | 661 ||| DRINKING potion of curing.
   661 | D:1      | 661 ||| (to cure poison)
   705 | D:2      | Reached XP level 3. HP: 20/20 MP: 5/5
   751 | D:2      | Noticed Robin
   754 | D:2      | 754 ||| FLEEEEING.
   755 | D:2      | 755 ||| FLEEEEING.
   756 | D:2      | 756 ||| FLEEEEING.
   757 | D:2      | 757 ||| FLEEEEING.
   758 | D:2      | 758 ||| FLEEEEING.
   759 | D:2      | 759 ||| FLEEEEING.
   760 | D:2      | 760 ||| FLEEEEING.
   761 | D:2      | 761 ||| FLEEEEING.
   762 | D:2      | 762 ||| FLEEEEING.
   768 | D:2      | HP: 5/20 [goblin/+2 dagger of speed[Robin] (1)]
   770 | D:2      | Slain by a goblin

Levels and vault maps discovered:
D:1:      minmay_arrival_nine_rooms, layout_loops_ring, minmay_split_cup_large
D:2:      layout_rooms, serial_shops, nicolae_lakefront_shop, st_stairs_4,
          uniq_robin

Skill      XL: |  1 |
---------------+----+-----
Ranged Weapons | 6 |  6.7
Fighting       | |  1.5
Dodging        | |  2.4
Stealth        | |  1.2

Action                     || total
---------------------------++-------
   Fire: Shortbow          ||    85
    Use: Scroll            ||     4
         Potion            ||     2
 Armour: Leather armour    ||    28
  Dodge: Dodged            ||    29

Table legend:
 A = Non-vault XP
 B = Vault XP
 C = Vault XP percentage of total XP
 D = Non-vault monster count
 E = Vault monster count
 F = Vault count percentage of total count
                 A         B        C        D         E       F
            +---------+---------+-------+---------+---------+-------
      Total |      38 |      11 |  22.4 |      26 |       7 |  21.2
            +---------+---------+-------+---------+---------+-------
        D:1 |      35 |       5 |  12.5 |      24 |       4 |  14.3
        D:2 |       3 |       6 |  66.7 |       2 |       3 |  60.0
            +---------+---------+-------+---------+---------+-------
